 Dungeon Crawl Stone Soup version 0.29.1-2-gbd0b4ee654 (webtiles) character file.

Game seed: 7520853455342065845

177 croobank the Insei (level 5, -1/37 HPs)
             Began as an Octopode Transmuter on Nov 19, 2022.
             Slain by a gnoll
             ... wielding a +0 flail
             ... led by a gnoll sergeant
              (11 damage)
             ... on level 4 of the Dungeon.
             The game lasted 00:08:34 (4448 turns).

croobank the Insei (Octopode Transmuter)            Turns: 4448, Time: 00:08:35

Health: -1/37      AC:  1    Str:  9    XL:     5   Next: 57%
Magic:  0/8        EV: 13    Int: 17    God:
Gold:   195        SH:  0    Dex: 13    Spells: 5/8 levels left

rFire   . . .      SeeInvis .     - Unarmed
rCold   . . .      Faith    .   (no shield)
rNeg    . . .      Spirit   +   (helmet currently unavailable)
rPois   +          Reflect  .   m - amulet of guardian spirit
rElec   .          Harm     .   q - ring of poison resistance
rCorr   .          Rampage  .   (no ring)
Will    .....                   (no ring)
Stlth   ++........              (no ring)
HPRegen 0.12/turn               (no ring)
MPRegen 0.11/turn               (no ring)
                                (no ring)
                                (no ring)

@: appendages (expiring), wereblooded
A: tentacle spike 3, almost no armour, amphibious, 8 rings, camouflage 1,
gelatinous body 1, (nimble swimmer 1), tentacles
a: End Transformation


You were on level 4 of the Dungeon.
One of your tentacles had grown a beastly spike.
You visited 1 branch of the dungeon, and saw 4 of its levels.

You collected 195 gold pieces.

Inventory:

Hand Weapons
 b - a +0 long sword
 l - a +0 war axe
 n - a +2 dagger of speed
Missiles
 d - 11 poisoned darts
 s - 5 curare-tipped darts
Jewellery
 m - an amulet of guardian spirit (around mantle)
 q - a ring of poison resistance (left tentacle)
Scrolls
 e - a scroll of amnesia
 j - 2 scrolls of vulnerability {unknown}
 k - 2 scrolls of torment {unknown}
 o - a scroll of magic mapping {unknown}
 r - a scroll of poison {unknown}
Potions
 a - a potion of lignification
 c - 2 potions of brilliance {unknown}
 f - a potion of flight {unknown}
 g - 2 potions of attraction {unknown}
 i - 2 potions of might {unknown}


   Skills:
 + Level 3.7 Fighting
 - Level 2.0 Dodging
 + Level 4.8 Unarmed Combat
 - Level 2.0 Spellcasting
 - Level 2.0 Transmutations


You had 5 spell levels left.
You knew the following spells:

 Your Spells              Type           Power      Damage    Failure   Level
a - Beastly Appendage     Tmut           16%        N/A       9%          1
b - Wereblood             Tmut           8%         N/A       13%         2

Your spell library contained the following spells:

 Spells                   Type           Power      Damage    Failure   Level
 Spider Form              Tmut/Pois      5%         N/A       36%         3
 Confusing Touch          Hex            1%         N/A       50%         3
 Ice Form                 Ice/Tmut       5%         N/A       77%         4
 Yara's Violent Unravell  Hex/Tmut       2%         3d3       98%         5
 Enfeeble                 Hex            0%         N/A       100%        7


Dungeon Overview and Level Annotations

Branches:
Dungeon (4/15)
 Temple: D:4-7

Altars:
Vehumet

Shops:
D:2 *

Annotations:
D:2 Sigmund


Innate Abilities, Weirdness & Mutations

One of your tentacles has grown a beastly spike.
You cannot wear most types of armour.
You are amphibious.
You can wear up to eight rings at the same time.
Your skin changes colour to match your surroundings (Stealth+).
Your rubbery body absorbs attacks. (AC +1, EV +1)
((You are camouflaged when in or above water. (Stealth+)))
You have tentacles for arms and can constrict up to eight enemies at once.


Message History

a +0 whip; a gnoll skeleton
Things that are here:
a +0 whip; a gnoll skeleton What are your orders? t - Shout!
Orders for allies: a - Attack new target. r - Retreat! s - Stop attacking. g - Guard the area. f - Follow me.
Anything else - Cancel.
You shout for attention!
You hear a shout! x2
Casting: Beastly Appendage (safe; 9% risk of failure)
Confirm with . or Enter, or press ? or * to list all spells.
Okay, then.
Casting: Beastly Appendage (safe; 9% risk of failure)
Confirm with . or Enter, or press ? or * to list all spells.
One of your tentacles grows a vicious spike.
The gnoll shouts!
You hear a shout!
Casting: Beastly Appendage (safe; 9% risk of failure)
Confirm with . or Enter, or press ? or * to list all spells.
Your blood is infused with primal strength.
The gnoll throws a stone.
The stone hits you.
The gnoll throws a stone.
The stone hits you.
Your transformation is almost over.
The gnoll shouts!
You tentacle-slap the gnoll. You grab the gnoll.
You pierce the gnoll, but do no damage.
The gnoll is lightly wounded.
You constrict the gnoll, but do no damage.
The gnoll closely misses you.
The gnoll sergeant hits you from afar with a +0 spear.
You tentacle-slap the gnoll but do no damage.
You pierce the gnoll, but do no damage.
You squeeze the gnoll.
The gnoll is moderately wounded.
You constrict the gnoll. The gnoll hits you with a +0 flail!
The gnoll sergeant hits you from afar with a +0 spear!
* * * LOW HITPOINT WARNING * * *
You release your grip on the gnoll.
The gnoll attacks as you move away! The gnoll closely misses you.
The gnoll attacks as you move away! The gnoll hits you with a +0 flail!
You die...

....<.###.###....######.#.......g
#####.##...##....+........#..##..
...##)##...##....######.####...>.
##.##.##...##....# #......gg....
#.##.##...##.#### #.#..####.##.
##.##.##...##.#######.#..# #.##.
....'.................#..## #.##.
##.##....#####.######.#.... .....
#.###.#.# #..@gg.g.#..####.###
##.###.#.# #.#####...........
.....#.#.#####.#####..#..### ..
######.#....................
#.#######.............. #.#
#.#####.#######
#.#######..............
#...............#######
#################


You could see a gnoll sergeant and 2 gnolls.

Vanquished Creatures
  A hound (D:4)
  5 gnolls
  3 adders
  2 worms
  2 dart slugs
  A ball python (D:3)
  6 endoplasms (D:1)
  2 giant cockroaches
  8 goblins
  8 hobgoblins
  A jackal (D:3)
  6 kobolds
  2 quokkas (D:1)
  8 bats
  4 frilled lizards
  6 rats
65 creatures vanquished.

Notes
Turn   | Place    | Note
-------+----------+-------------------------------------------
     0 | D:1      | croobank the Octopode Transmuter began the quest for the
                  | Orb.
     0 | D:1      | Reached XP level 1. HP: 13/13 MP: 3/3
   252 | D:1      | Reached XP level 2. HP: 18/18 MP: 3/5
  1333 | D:1      | Reached XP level 3. HP: 24/24 MP: 4/6
  1618 | D:2      | Found a faded altar of an unknown god.
  1938 | D:2      | Noticed Sigmund
  2242 | D:2      | Found Ohaenk's Assorted Antiques.
  2415 | D:2      | Reached skill level 4 in Unarmed Combat
  2415 | D:2      | Reached XP level 4. HP: 30/30 MP: 5/7
  2453 | D:2      | Learned a level 2 spell: Wereblood
  2857 | D:3      | Reached XP level 5. HP: 29/36 MP: 6/8
  3107 | D:3      | Found a radiant altar of Vehumet.
  3842 | D:4      | HP: 1/36 [gnoll/+0 whip[a gnoll sergeant] (2)]
  4448 | D:4      | Slain by a gnoll

Illustrated notes

Levels and vault maps discovered:
D:1:      shiori_arrival_oz, layout_basic
D:2:      layout_basic, shapermc_ecumenical_altar_totnotflames, basic_altar,
          serial_shops, nicolae_shop_statue_plus, uniq_sigmund
D:3:      minmay_door_path, layout_basic, nicolae_vehumet_radiance,
          chequers_serial_rivers_small_a
D:4:      layout_basic, mainiacjoe_overflow_surrounded_room, chequers_jeans,
          kennysheep_boxes

Skill      XL: |  1  2  3  4 |
---------------+-------------+-----
Fighting       | 2 3 |  3.7
Unarmed Combat | 4 |  4.8
Dodging        | |  2.0
Spellcasting   | |  2.0
Transmutations | |  2.0

Action                   |  1- 3 |  4- 6 || total
-------------------------+-------+-------++-------
Melee: Unarmed           |    77 |    96 ||   173
       Tentacles         |    22 |    12 ||    34
       Constrict         |    17 |    22 ||    39
       Kick              |    16 |    29 ||    45
       Punch             |     2 |     1 ||     3
 Cast: Beastly Appendage |    20 |    24 ||    44
       Wereblood         |       |     6 ||     6
  Use: Scroll            |       |     4 ||     4
       Potion            |       |     2 ||     2
 Stab: Sleeping          |     5 |     5 ||    10
Armor: Skin              |     5 |     8 ||    13
Dodge: Dodged            |    55 |    60 ||   115
